 Dungeon Crawl Stone Soup version 0.27-a0-1365-ge71e8f7681 (webtiles) character file.

Game seed: 8474322018140380117

30 Nattfarinn the Insei (level 3, -2/28 HPs)
             Began as a Merfolk Transmuter on June 28, 2021.
             Slain by an orc (4 damage)
             ... on level 3 of the Dungeon.
             The game lasted 00:02:16 (1858 turns).

Nattfarinn the Insei (Merfolk Transmuter)           Turns: 1858, Time: 00:02:17

Health: -2/28      AC:  2    Str: 11    XL:     3   Next: 20%
Magic:  6/6        EV: 13    Int: 12    God:
Gold:   49         SH:  0    Dex: 14    Spells: 5/6 levels left

rFire    . . .     SeeInvis .     - Unarmed
rCold    . . .     Faith    .   (no shield)
rNeg     . . .     Spirit   .   a - +0 robe
rPois    .         Reflect  .   (no helmet)
rElec    .         Harm     .   (no cloak)
rCorr    .         Rampage  .   (no gloves)
Will     .....                  (no boots)
Stlth    +.........             (no amulet)
HPRegen  0.09/turn              (no ring)
MPRegen  0.10/turn              (no ring)

@: no status effects
A: (nimble swimmer 2), mertail
a: no special abilities


You were on level 3 of the Dungeon.
You visited 1 branch of the dungeon, and saw 3 of its levels.

You collected 49 gold pieces.

Inventory:

Armour
 a - a +0 robe (worn)
Scrolls
 g - a scroll of vulnerability {unknown}
 h - a scroll of immolation {unknown}
 i - a scroll of amnesia {unknown}
Potions
 b - a potion of brilliance {unknown}
 f - a potion of curing {unknown}
 j - a potion of cancellation {unknown}


   Skills:
 * Level 2.5 Fighting
 + Level 3.3 Dodging
 + Level 3.6 Unarmed Combat
 - Level 2.0 Spellcasting
 - Level 2.6 Transmutations


You had 5 spell levels left.
You knew the following spells:

 Your Spells              Type           Power      Damage    Failure   Level
a - Beastly Appendage     Tmut           14%        N/A       9%          1

Your spell library contained the following spells:

 Spells                   Type           Power      Damage    Failure   Level
 Wereblood                Tmut           7%         N/A       14%         2
 Spider Form              Tmut/Pois      2%         N/A       43%         3
 Ice Form                 Ice/Tmut       4%         N/A       83%         4


Dungeon Overview and Level Annotations

Branches:
Dungeon (2/15)

Altars:

Shops:
D:3 :


Innate Abilities, Weirdness & Mutations

((You are quick and stealthy near water. (Stealth+, EV+, Speed+++)))
Your lower body shifts to a powerful aquatic tail in water.


Message History

No target in view!
No target in view!
No target in view!
No target in view!
No target in view!
You see here a rat corpse.
A rat comes into view.
A rat is nearby!
You fall into a shaft and drop 1 floor!
The shaft crumbles and collapses.
An orc comes into view. It is wielding a +0 club.
The orc shouts!
An orc comes into view. It is wielding a +0 club.
The orc shouts!
You hear a shout!
Found Ythidinu's Book Shoppe.
Found a stone staircase leading down.
Found a stone staircase leading up.
An endoplasm comes into view.
You closely miss the orc.
An orc priest comes into view. It is wielding a +0 dagger.
An orc priest comes into view.
It is wielding a +0 hand axe and wearing a +2 ring mail of cold resistance.
The orc closely misses you.
As you read the scroll labelled AKASSA KUTECO, it crumbles to dust.
Your body is wracked with pain!
The orc convulses! x2; The orc priest convulses!
The endoplasm convulses!
The orc priest convulses!
The orc priest shouts!
It was a scroll of torment.
The orc hits you with a +0 club.
The orc priest invokes the aid of Beogh against you.
Beogh smites you!
* * * LOW HITPOINT WARNING * * *
The orc hits you with a +0 club.
* * * LOW HITPOINT WARNING * * *
As you read the scroll labelled BOLITI UQET, it crumbles to dust.
It is a scroll of identify.
e - a scroll of summoning The orc hits you with a +0 club.
* * * LOW HITPOINT WARNING * * *
As you read the scroll of summoning, it crumbles to dust.
Wisps of shadow whirl around you... The orc hits you with a +0 club.
You die...

.# #<
####..
#####>...
#.......o
...JK.#
#.oo# #go@#
#.g.###...
#..S...∩..#
#g#.#####.#
.......
###.#.###
#.#.# #.#.#
#.#.#


You could see 2 orc priests, 2 orcs, an endoplasm (ally target), 3 friendly
gnolls, a friendly ball python (summoned) and a friendly kobold (summoned).

Vanquished Creatures
  A dart slug (D:1)
  4 bats (D:1)
  2 endoplasms
  A giant cockroach (D:2)
  6 goblins
  2 hobgoblins (D:1)
  2 kobolds
  A quokka (D:1)
  A ball python (D:2)
  2 frilled lizards (D:1)
  4 rats
26 creatures vanquished.

Vanquished Creatures (others)
  A fungus (D:1)
1 creature vanquished.

Grand Total: 27 creatures vanquished

Notes
Turn   | Place    | Note
-------+----------+-------------------------------------------
     0 | D:1      | Nattfarinn the Merfolk Transmuter began the quest for the
                  | Orb.
     0 | D:1      | Reached XP level 1. HP: 15/15 MP: 3/3
   345 | D:1      | Found a faded altar of an unknown god.
   451 | D:1      | Reached XP level 2. HP: 22/22 MP: 5/5
  1334 | D:1      | Reached XP level 3. HP: 24/28 MP: 6/6
  1852 | D:2      | You fall into a shaft and drop 1 floor!
  1852 | D:3      | Found Ythidinu's Book Shoppe.
  1858 | D:3      | Slain by an orc

Illustrated notes

Levels and vault maps discovered:
D:1:      dpeg_arrival_arbitrary_b, layout_basic,
          shapermc_ecumenical_altar_mp_ritualfount
D:2:      layout_basic
D:3:      kb_forest_paths, layout_basic, serial_shops, shop,
          ebering_ghost_reflecting_pool

Skill      XL: |  1  2 |
---------------+-------+-----
Dodging        | 3 |  3.3
Fighting       | 2 |  2.5
Unarmed Combat | |  3.6
Spellcasting   | |  2.0
Transmutations | |  2.6

Action                   || total
-------------------------++-------
Melee: Unarmed           ||    76
       Punch             ||     1
  Use: Scroll            ||     3
 Stab: Sleeping          ||     1
Armor: Robe              ||    16
Dodge: Dodged            ||    53

Table legend: (Time is in decaauts)
 A = Elapsed time spent in this place.
 B = Non-inter-level travel time spent in this place.
 C = Inter-level travel time spent in this place.
 D = Time resting spent in this place.
 E = Time spent auto-exploring this place.
 F = Levels seen in this place.
 G = Mean time per level.
                   A        B        C        D        E       F      G
               +--------+--------+--------+--------+--------+-----+--------+
         Total |   1851 |   1769 |     82 |    331 |   1248 |   3 |  617.0 |
       Dungeon |   1851 |   1769 |     82 |    331 |   1248 |   3 |  617.0 |
               +--------+--------+--------+--------+--------+-----+--------+

Top non-repeatable levels by time:
     D:1: 1629 daAuts
     D:2: 216 daAuts
     D:3: 5 daAuts
